 Dungeon Crawl Stone Soup version 0.24.0-123-gd5b16e6ec5 (webtiles) character file.

Game seed: 14039146148018838657, levelgen mode: deterministic

48 Descartes the Grasshopper (level 3, 0/16 HPs)
             Began as a Felid Warper on Dec 28, 2019.
             Succumbed to an adder's poison
             ... on level 2 of the Dungeon.
             The game lasted 00:04:27 (1568 turns).

Descartes the Grasshopper (Felid Warper)            Turns: 1568, Time: 00:04:27

Health: 0/16       AC:  1    Str:  8    XL:     3   Next: 50%
Magic:  7/7        EV: 24    Int: 19    God:
Gold:   22         SH:  0    Dex: 20    Spells: 2/6 levels left
                                        Lives:  0   Deaths: 0

rFire    . . .     SeeInvis +     - Unarmed
rCold    . . .     Gourm    .   (shield unavailable)
rNeg     . . .     Faith    .   (armour unavailable)
rPois    .         Spirit   .   (helmet unavailable)
rElec    .         Reflect  .   (cloak unavailable)
rCorr    .         Harm     .   (gloves unavailable)
MR       .....                  (boots unavailable)
Stlth    ++++......             (no amulet)
HPRegen  0.05/turn              (no ring)
MPRegen  0.10/turn              (no ring)

@: brilliant, agile, lethally poisoned (0 -> -4), quick
A: very small, no armour, no weapons or thrown items, stealth, claws 1, fangs 3,
see invisible, carnivore, speed 1, shaggy fur 1, slow metabolism 1, sharp paws
a: no special abilities


You were on level 2 of the Dungeon.
You were completely stuffed.

You visited 1 branch of the dungeon, and saw 2 of its levels.

You collected 22 gold pieces.

Inventory:

Missiles
 a - 12 stones
 e - 73 arrows
Scrolls
 b - a scroll of blinking
 d - 2 scrolls of teleportation {unknown}
 f - 2 scrolls of identify {unknown}
 i - a scroll of enchant armour {unknown}
 k - a scroll of remove curse {unknown}
 l - a scroll of magic mapping {unknown}
Comestibles
 c - 7 rations
 j - a chunk of flesh


   Skills:
 + Level 2.2 Fighting
 + Level 3.5 Dodging
 * Level 2.6 Stealth
 * Level 2.6 Unarmed Combat
 + Level 2.2 Spellcasting
 + Level 4.4 Translocations


You had 2 spell levels left.
You knew the following spells:

 Your Spells              Type           Power        Failure   Level  Hunger
a - Blink                 Tloc           N/A          1%          2    ##.....
b - Shroud of Golubria    Chrm/Tloc      ###...       1%          2    ##.....

Your spell library contained the following spells:

 Spells                   Type           Power        Failure   Level  Hunger
 Magic Dart               Conj           ##..         2%          1    #......
 Call Imp                 Summ           ##......     3%          2    ##.....
 Slow                     Hex            ##......     3%          2    ##.....
 Gell's Gravitas          Tloc           ####......   1%          3    ###....
 Lesser Beckoning         Tloc           ####......   1%          3    ###....
 Teleport Other           Tloc           ####....     1%          3    ###....
 Passage of Golubria      Tloc           N/A          3%          4    #####..
 Conjure Flame            Conj/Fire      ##......     6%          3    ###....
 Mephitic Cloud           Conj/Pois/Air  ##......     6%          3    ###....


Dungeon Overview and Level Annotations

Branches:
Dungeon (2/15)

Altars:
Qazlal


Innate Abilities, Weirdness & Mutations

You cannot wear armour.
You are incapable of wielding weapons or throwing items.
Your paws allow you to move quietly. (Stealth)
You have sharp claws.
You have razor-sharp teeth.
You have supernaturally acute eyesight. (SInv)
You are carnivorous and can eat meat at any time.
You cover ground quickly.
You are covered in fur. (AC +1)
You have a slow metabolism.
Your sharp claws are effective at attacking unaware monsters.


Message History

The adder barely misses you.
You scratch the adder.
You kill the adder!
* * * LOW HITPOINT WARNING * * *
You feel sick.
You see here an adder corpse.
You see here an adder corpse.
You butcher the adder corpse.
Things that are here:
2 chunks of flesh; an adder skeleton
There is a lethal amount of poison in your body!
There is a lethal amount of poison in your body!
It was a potion of agility.
You feel agile all of a sudden.
* * * LOW HITPOINT WARNING * * *
You feel sick.
It was a potion of brilliance.
You feel clever all of a sudden.
There is a lethal amount of poison in your body!
You die...

### ##### ########..
...## ......##.#
####...### #####.##.#
#........
####...#.###.##...#
.............# #.#
.#........#..# #@#
.#........#..# #.#
..........#..###$#
..............†..#
.#....................$
.#........#..#####.....
.............# K####
............## #
#######.###.#


There were no monsters in sight!

Vanquished Creatures
  An adder (D:2)
  2 dart slugs
  2 leopard geckos (D:1)
  2 ball pythons
  A giant cockroach (D:2)
  2 goblins (D:1)
  3 hobgoblins
  3 jackals (D:1)
  5 kobolds
  A quokka (D:2)
  3 bats (D:1)
  4 frilled lizards
  4 rats
33 creatures vanquished.

Notes
Turn   | Place    | Note
-------+----------+-------------------------------------------
     0 | D:1      | Descartes the Felid Warper began the quest for the Orb.
     0 | D:1      | Reached XP level 1. HP: 9/9 MP: 4/4
    85 | D:1      | Reached skill level 1 in Stealth
   324 | D:1      | Reached XP level 2. HP: 13/13 MP: 6/6
  1204 | D:1      | Found a stormy altar of Qazlal.
  1272 | D:2      | Reached XP level 3. HP: 15/16 MP: 7/7
  1291 | D:2      | Learned a level 2 spell: Blink
  1294 | D:2      | Learned a level 2 spell: Shroud of Golubria
  1568 | D:2      | Succumbed to an adder's poison

Levels and vault maps discovered:
D:1:      dpeg_arrival_water_altar, layout_rooms, supply_closet_lemuel
D:2:      minmay_wonky_spiral, layout_loops_ring

Skill      XL: |  1  2 |
---------------+-------+-----
Stealth        | 1 2 |  2.6
Fighting       | |  2.2
Dodging        | |  3.5
Unarmed Combat | |  2.6
Spellcasting   | |  2.2
Translocations | |  4.4

Action                   || total
-------------------------++-------
Melee: Unarmed           ||   111
       Bite              ||     6
       Punch             ||     1
  Use: Potion            ||     3
 Stab: Sleeping          ||     5
  Eat: Chunk             ||     9
Armor: Skin              ||     6
Dodge: Dodged            ||   121
